 Dungeon Crawl Stone Soup version 0.24.0-123-gd5b16e6ec5 (webtiles) character file.

Game seed: 1291446825391785720, levelgen mode: deterministic

63 Bluestream the Vandal (level 4, -5/30 HPs)
             Began as a Halfling Hunter on Feb 2, 2020.
             Slain by an ogre
             ... wielding a +0 giant club
              (22 damage)
             ... on level 3 of the Dungeon.
             The game lasted 00:04:21 (2584 turns).

Bluestream the Vandal (Halfling Hunter)             Turns: 2584, Time: 00:04:22

Health: -5/30      AC:  3    Str: 13    XL:     4   Next: 30%
Magic:  4/4        EV: 14    Int:  9    God:
Gold:   176        SH:  0    Dex: 15    Spells: 3/3 levels left

rFire    . . .     SeeInvis .   a - +1 hunting sling
rCold    . . .     Gourm    .   (shield restricted)
rNeg     . . .     Faith    .   c - +0 leather armour
rPois    .         Spirit   .   (no helmet)
rElec    .         Reflect  .   (no cloak)
rCorr    .         Harm     .   (no gloves)
MR       .....                  (no boots)
Stlth    ++........             (no amulet)
HPRegen  0.10/turn              (no ring)
MPRegen  0.09/turn              (no ring)

@: no status effects
A: small, mutation resistance 1
a: no special abilities


You were on level 3 of the Dungeon.
You were not hungry.

You visited 1 branch of the dungeon, and saw 4 of its levels.

You collected 176 gold pieces.

Inventory:

Hand Weapons
 a - a +1 hunting sling (weapon)
 b - a +0 short sword
Missiles
 d - 20 sling bullets (quivered)
 e - 141 stones
Armour
 c - a +0 leather armour (worn)
Jewellery
 l - a cursed ring of attention {unknown}
Scrolls
 h - 5 scrolls of identify {unknown}
 k - a scroll of amnesia {unknown}
 m - a scroll of fear {unknown}
Potions
 g - a potion of degeneration {unknown}
 i - a potion of resistance {unknown}
 j - 2 potions of agility {unknown}
 n - 2 potions of curing {unknown}
 o - a potion of brilliance {unknown}
 p - a potion of berserk rage {unknown}
Comestibles
 f - 4 rations


   Skills:
 + Level 2.6 Fighting
 * Level 7.4 Slings
 - Level 2.2 Dodging
 - Level 1.1 Stealth


You had 3 spell levels left.
You didn't know any spells.
Your spell library was empty.

Dungeon Overview and Level Annotations

Branches:
Dungeon (4/15)
 Temple: D:4-7

Altars:
Cheibriados

Annotations:
D:3 Edmund


Innate Abilities, Weirdness & Mutations

You are small and have problems with some larger weapons.
You are somewhat resistant to further mutation.


Message History

Edmund is lightly wounded.
Edmund barely misses you.
Firing (i - inventory. (/) - cycle)
d - 22 sling bullets (quivered)
Press: ? - help, Shift-Dir - straight line, f/p - Edmund
Aim: Edmund, wielding a +5 flail of protection and wearing a +0 ring mail (lightly wounded)
You shoot a sling bullet. The sling bullet barely misses Edmund.
Edmund hits you with a +5 flail of protection!
Firing (i - inventory. (/) - cycle)
d - 21 sling bullets (quivered)
Press: ? - help, Shift-Dir - straight line, f/p - Edmund
Aim: Edmund, wielding a +5 flail of protection and wearing a +0 ring mail (lightly wounded)
You shoot a sling bullet.
The sling bullet completely misses Edmund.
Edmund barely misses you. The ogre closely misses you.
You climb upwards.
There is a stone staircase leading down here.
You open the door.
Edmund hits you with a +5 flail of protection.
The ogre hits you with a +0 giant club!!
Ouch! That really hurt!
You die...

.......#.######...## #.#
########.# ##...>.## #.#
##.#.# ##.......## ##.##
##....###.........####...#####
#.>.....'.........'...........
##...†###.........####.....###
##....###.......## ##.##.#
#.....# ##..@O.## ####.#
#.#[..# ##.@.## #.# #.#####
##'## #.# #.# #.# #.# #.# #.#
#.# #.# ##.## #.# #.# ##...##
#.# #.########.....# #.#
#..[......#...###########.#
#########.##.##...........#


You could see Edmund and an ogre.

Vanquished Creatures
  2 adders (D:2)
  A dart slug (D:1)
  A leopard gecko (D:2)
  4 bats
  2 giant cockroaches
  4 goblins
  5 hobgoblins
  2 jackals (D:2)
  10 kobolds
  3 frilled lizards
  5 rats
39 creatures vanquished.

Notes
Turn   | Place    | Note
-------+----------+-------------------------------------------
     0 | D:1      | Bluestream the Halfling Hunter began the quest for the Orb.
     0 | D:1      | Reached XP level 1. HP: 14/14 MP: 1/1
    79 | D:1      | Reached skill level 6 in Slings
   133 | D:1      | Reached XP level 2. HP: 19/19 MP: 2/2
  1046 | D:2      | Reached XP level 3. HP: 24/24 MP: 3/3
  1148 | D:2      | Found a snail-covered altar of Cheibriados.
  1199 | D:2      | Reached skill level 7 in Slings
  1258 | D:2      | Reached XP level 4. HP: 30/30 MP: 4/4
  2564 | D:4      | Noticed Edmund
  2567 | D:4      | Noticed an ogre
  2584 | D:3      | Slain by an ogre

Levels and vault maps discovered:
D:1:      wander_arrival_peaceful_grave, layout_basic, roderic_three_in_a_row
D:2:      layout_basic, cheibriados_altar_1
D:3:      layout_loops_corners, first_ration, minivault_24
D:4:      wander_river, layout_basic, minmay_statues_item, uniq_edmund,
          uniq_menkaure

Skill      XL: |  1  2  3 |
---------------+----------+-----
Slings         | 6 7 |  7.4
Fighting       | 2 |  2.6
Dodging        | |  2.2
Stealth        | |  1.1

Action                   |  1- 3 |  4- 6 || total
-------------------------+-------+-------++-------
Melee: Hunting sling     |     2 |       ||     2
 Fire: Hunting sling     |    55 |    40 ||    95
  Eat: Chunk             |     1 |     1 ||     2
       Ration            |       |     1 ||     1
Armor: Leather armour    |     1 |     1 ||     2
Dodge: Dodged            |    11 |    10 ||    21
